 Dungeon Crawl Stone Soup version 0.27-a0-1191-g601b473118 (webtiles) character file.

Game seed: 3552188597341020845

245 freelancePsychic the Skirmisher (level 6, 0/53 HPs)
             Began as a Ghoul Fighter on May 24, 2021.
             Was an Initiate of Uskayaw.
             Slain by a steam dragon (5 damage)
             ... on level 3 of the Dungeon.
             The game lasted 00:06:37 (3642 turns).

freelancePsychic the Skirmisher (Ghoul Fighter)     Turns: 3642, Time: 00:06:38

Health: 0/53       AC: 15    Str: 22    XL:     6   Next: 10%
Magic:  2/6        EV:  4    Int:  3    God:    Uskayaw [......]
Gold:   76         SH:  9    Dex:  8    Spells: 5/5 levels left

rFire    . . .     SeeInvis +     - Unarmed
rCold    + . .     Faith    .   b - +0 kite shield
rNeg     + + +     Spirit   .   g - +0 plate armour
rPois    ∞         Reflect  .   (no helmet)
rElec    .         Harm     .   (no cloak)
rCorr    .         Rampage  .   (no gloves)
Will     .....                  (no boots)
Stlth    ..........             (no amulet)
HPRegen  0.00/turn              j - +4 ring of protection
MPRegen  0.10/turn              l - ring of see invisible

@: no status effects
A: claws 1, cold resistance 1, negative energy resistance 3, inhibited
regeneration, torment resistance 2
a: Renounce Religion


You were on level 3 of the Dungeon.
You worshipped Uskayaw.
Uskayaw was noncommittal.
You visited 1 branch of the dungeon, and saw 4 of its levels.

You collected 76 gold pieces.

Inventory:

Missiles
 i - 16 poisoned darts (quivered)
Armour
 a - a +0 scale mail
 b - a +0 kite shield (worn)
 g - a +0 plate armour (worn)
Jewellery
 f - an amulet of magic regeneration
 j - a +4 ring of protection (left claw)
 l - a ring of see invisible (right claw)
Scrolls
 h - 3 scrolls of amnesia
 o - a scroll of brand weapon {unknown}
Potions
 e - 2 potions of mutation
 k - a potion of flight {unknown}
 m - a potion of heal wounds {unknown}
 n - a potion of berserk rage {unknown}


   Skills:
 + Level 4.6 Fighting
 - Level 3.8 Armour
 - Level 2.9 Shields
 + Level 3.8 Unarmed Combat
 * Level 2.6 Invocations


You had 5 spell levels left.
You didn't know any spells.
Your spell library contained the following spells:

 Spells                   Type           Power      Damage    Failure   Level
 Freeze                   Ice            0%         1d3       100%        1
 Frozen Ramparts          Ice            0%         1d2       100%        3
 Ozocubu's Armour         Ice            0%         N/A       100%        3
 Hailstorm                Conj/Ice       0%         3d3       100%        4
 Metabolic Englaciation   Hex/Ice        0%         N/A       100%        5


Dungeon Overview and Level Annotations

Branches:
Dungeon (4/15)
 Temple: D:4-7

Altars:
Uskayaw

Shops:
D:3 :

Annotations:
D:4 Blork the orc


Innate Abilities, Weirdness & Mutations

You thrive by killing the living.
You are immune to poison.
You have sharp fingernails.
Your flesh is cold resistant. (rC+)
You are immune to negative energy. (rN+++)
You do not regenerate when monsters are visible.
You are immune to unholy pain and torment.


Message History

The steam dragon is severely wounded.
The steam dragon bites you.
* * * LOW HITPOINT WARNING * * *
You block the steam dragon's attack. x2; The steam dragon claws you.
* * * LOW HITPOINT WARNING * * *
You feel better. The steam dragon breathes steam at you.
The ball of steam hits you but does no damage.
The steam dragon bites you.
* * * LOW HITPOINT WARNING * * *
You block the steam dragon's attack.
You see here a +0 club.
You feel better.
You feel better. The steam dragon barely misses you.
The steam dragon claws you but does no damage.
Your plate armour prevents you from hitting the steam dragon.
The steam dragon is severely wounded.
The steam dragon breathes steam at you. The ball of steam hits you.
* * * LOW HITPOINT WARNING * * *
Okay, then.
You feel better. You block the steam dragon's attack.
The steam dragon barely misses you.
You scratch the steam dragon.
The steam dragon is severely wounded.
The steam dragon barely misses you.
The steam dragon claws you but does no damage.
The steam dragon breathes steam at you. The ball of steam hits you!!
* * * LOW HITPOINT WARNING * * *
You block the steam dragon's attack. x2
Your plate armour prevents you from hitting the steam dragon.
The steam dragon is severely wounded.
The steam dragon bites you but does no damage.
You block the steam dragon's attack.
You stomp with the beat, sending a shockwave through the revellers around you!
The steam dragon is almost dead.
You can no longer stomp with the beat.
The steam dragon bites you.
You die...

...####...........#
......+.....>.....#
#)#####...##......##
#.....#..(##.......#
......#...##.##....#
#######...##.##)...#
......#...##.##....#
#####.#...##.##....#
....#.#...##.##D@..#
.##.#.#...##.##....#
.##.#.######.#######
.......# #.#
.......## #.#
........# #.#
......#.# ##'########
......#.###.........#
#######..##.........#


You could see a steam dragon.

Vanquished Creatures
  A phantom (D:3)
  A hound (D:3)
  6 adders
  2 worms
  4 dart slugs
  9 orcs (D:3)
  7 endoplasms
  2 giant cockroaches
  4 goblins (D:2)
  5 hobgoblins
  4 jackals (D:2)
  2 quokkas (D:1)
  2 ball pythons (D:1)
  3 bats
  3 frilled lizards (D:2)
  6 kobolds
  8 rats
69 creatures vanquished.

Vanquished Creatures (others)
  An endoplasm (D:4)
1 creature vanquished.

Grand Total: 70 creatures vanquished

Notes
Turn   | Place    | Note
-------+----------+-------------------------------------------
     0 | D:1      | freelancePsychic the Ghoul Fighter began the quest for the
                  | Orb.
     0 | D:1      | Reached XP level 1. HP: 19/19 MP: 0/0
   245 | D:1      | Reached XP level 2. HP: 22/26 MP: 1/1
  1262 | D:2      | Reached XP level 3. HP: 32/33 MP: 2/2
  1385 | D:2      | Reached XP level 4. HP: 37/40 MP: 3/3
  1737 | D:2      | Reached skill level 4 in Fighting
  2308 | D:3      | Found a faded altar of an unknown god.
  2314 | D:3      | Became a worshipper of Uskayaw the Reveller
  2314 | D:3      | Reached * piety under Uskayaw
  2387 | D:3      | Reached ** piety under Uskayaw
  2390 | D:3      | Reached XP level 5. HP: 41/46 MP: 4/4
  2390 | D:3      | Reached *** piety under Uskayaw
  2513 | D:3      | Found Utusa's Book Shoppe.
  2613 | D:3      | Reached skill level 1 in Invocations
  2946 | D:4      | Noticed a phantom
  2946 | D:4      | Noticed a steam dragon
  2965 | D:3      | Killed a phantom
  3158 | D:4      | Noticed Blork the orc
  3167 | D:3      | Reached XP level 6. HP: 23/53 MP: 6/6
  3622 | D:3      | HP: 2/53 [steam dragon/ball of steam (14)]
  3628 | D:3      | HP: 1/53 [steam dragon (6)]
  3642 | D:3      | Slain by a steam dragon

Illustrated notes

Levels and vault maps discovered:
D:1:      dpeg_arrival_arbitrary_b, layout_loops_ring
D:2:      layout_loops_cross
D:3:      layout_basic, ebering_ecumenical_altar_rust, serial_shops, shop,
          dk_vineyard_3, grunt_ministairs_15, chequers_serial_rivers_micro_a
D:4:      layout_cave_pods, lemuel_coloured_pillars_altar,
          nicolae_overflow_hidden_temple, uniq_grinder, uniq_natasha,
          uniq_blork_the_orc

Skill      XL: |  1  2  3  4  5 |
---------------+----------------+-----
Armour         | 3 |  3.8
Unarmed Combat | 3 |  3.8
Fighting       | 4 |  4.6
Invocations    | 2 |  2.6
Shields        | |  2.9

Action                   |  1- 3 |  4- 6 || total
-------------------------+-------+-------++-------
Melee: Unarmed           |   109 |   194 ||   303
Invok: Stomp             |       |     1 ||     1
       Line Pass         |       |     1 ||     1
  Use: Scroll            |     2 |     2 ||     4
       Potion            |       |     6 ||     6
Armor: Scale mail        |     2 |       ||     2
       Plate armour      |    82 |   143 ||   225
Dodge: Dodged            |    18 |    40 ||    58
Block: Kite shield       |    49 |    89 ||   138

Table legend: (Time is in decaauts)
 A = Elapsed time spent in this place.
 B = Non-inter-level travel time spent in this place.
 C = Inter-level travel time spent in this place.
 D = Time resting spent in this place.
 E = Time spent auto-exploring this place.
 F = Levels seen in this place.
 G = Mean time per level.
                   A        B        C        D        E       F      G
               +--------+--------+--------+--------+--------+-----+--------+
         Total |   3705 |   3538 |    167 |    882 |   2029 |   4 |  926.2 |
       Dungeon |   3705 |   3538 |    167 |    882 |   2029 |   4 |  926.2 |
               +--------+--------+--------+--------+--------+-----+--------+

Top non-repeatable levels by time:
     D:3: 1565 daAuts
     D:1: 1233 daAuts
     D:2: 881 daAuts
     D:4: 25 daAuts
